 Dungeon Crawl Stone Soup version 0.28.0-62-gf88900778d (webtiles) character file.

Game seed: 12995869965760334564

10 Mickster the Changer (level 2, -2/22 HPs)
             Began as a Demigod Wanderer on Mar 23, 2023.
             Slain by a goblin
             ... wielding a +2 dagger of protection
              (3 damage)
             ... on level 1 of the Dungeon.
             The game lasted 00:06:53 (300 turns).

Mickster the Changer (Demigod Wanderer)              Turns: 300, Time: 00:06:53

Health: -2/22      AC:  3    Str: 13    XL:     2   Next: 0%
Magic:  1/5        EV: 12    Int: 14    God:
Gold:   10         SH:  0    Dex: 13    Spells: 2/3 levels left

rFire   + . .      SeeInvis .   f - staff of fire
rCold   . . .      Faith    .   (no shield)
rNeg    . . .      Spirit   .   b - +0 robe
rPois   .          Reflect  .   (no helmet)
rElec   .          Harm     .   (no cloak)
rCorr   .          Rampage  .   (no gloves)
Will    .....                   c - +0 pair of boots
Stlth   +.........              (no amulet)
HPRegen 0.07/turn               (no ring)
MPRegen 0.09/turn               (no ring)

@: no status effects
A: high MP 1, forlorn, divine attributes
a: no special abilities


You were on level 1 of the Dungeon.
You visited 1 branch of the dungeon, and saw 1 of its levels.

You collected 10 gold pieces.

Inventory:

Hand Weapons
 a - a +0 club
 e - a +0 hunting sling
 h - a +0 club
Missiles
 d - 11 sling bullets
Armour
 b - a +0 robe (worn)
 c - a +0 pair of boots (worn)
Magical Staves
 f - a staff of fire (weapon)
Scrolls
 g - a scroll of immolation {unknown}
 i - a scroll of identify {unknown}


   Skills:
 + Level 0.4 Fighting
 + Level 0.1(0.4) Slings
 + Level 1.0 Throwing
 + Level 2.0 Dodging
 * Level 1.0 Spellcasting
 + Level 3.9 Transmutations
 * Level 1.0 Ice Magic
 + Level 1.0 Evocations


You had 2 spell levels left.
You knew the following spells:

 Your Spells              Type           Power      Damage    Failure   Level
a - Sting                 Tmut/Pois      24%        1d4       12%         1

Your spell library contained the following spells:

 Spells                   Type           Power      Damage    Failure   Level
 Wereblood                Tmut           11%        N/A       9%          2
 Freeze                   Ice            12%        1d4       17%         1
 Shock                    Conj/Air       0%         1d3       26%         1
 Spider Form              Tmut/Pois      6%         N/A       34%         3
 Ozocubu's Armour         Ice            3%         N/A       45%         3
 Call Canine Familiar     Summ           0%         N/A       61%         3
 Portal Projectile        Hex/Tloc       0%         N/A       61%         3
 Swiftness                Air            0%         N/A       61%         3
 Airstrike                Air            0%         N/A       95%         4
 Leda's Liquefaction      Hex/Erth       0%         N/A       95%         4


Dungeon Overview and Level Annotations

Branches:
Dungeon (1/15)


Innate Abilities, Weirdness & Mutations

You have an increased reservoir of magic. (+10% MP)
You shall have no god before yourself.
Your divine heritage dramatically boosts your attributes as you level up.


Message History

The goblin is heavily wounded.
The goblin hits you with a +0 club. x2
You closely miss the goblin.
The goblin is heavily wounded.
The goblin completely misses you.
You barely miss the goblin.
The goblin is heavily wounded.
The goblin misses you.
You hit the goblin.
You kill the goblin!
You have reached level 2!
A goblin comes into view.
It is wielding a +2 dagger of protection.
Found a robe.
The goblin shouts!
Casting: Sting (safe; 12% risk of failure)
Confirm with . or Enter, or press ? or * to list all spells.
Aiming: Sting (safe; 12% risk of failure)
Press: ? - help, Shift-Dir - straight line, f - goblin
Aim: a goblin, wielding a +2 dagger of protection (60% to hit)
The sting misses the goblin.
The goblin completely misses you.
Casting: Sting (safe; 12% risk of failure)
Confirm with . or Enter, or press ? or * to list all spells.
Aiming: Sting (safe; 12% risk of failure)
Press: ? - help, Shift-Dir - straight line, f/p - goblin
Aim: a goblin, wielding a +2 dagger of protection (60% to hit)
The sting hits the goblin but does no damage.
The goblin is poisoned.
The goblin hits you with a +2 dagger of protection.
* * * LOW HITPOINT WARNING * * *
The goblin closely misses you.
You hit the goblin but do no damage. The goblin misses you.
You hit the goblin but do no damage. The goblin barely misses you.
You closely miss the goblin.
The goblin is heavily wounded.
The goblin hits you with a +2 dagger of protection.
* * * LOW HITPOINT WARNING * * *
You hit the goblin but do no damage.
The goblin is heavily wounded.
The goblin hits you with a +2 dagger of protection.
You die...

########
#......#
#.#....##
#.......###
#.......[.
#.......#
#.#...g#
#.....@#
#####.##
#.# #.# #.#
#.# #.# ###
####.###..
#......#.#


You could see a goblin (poisoned).

Vanquished Creatures
  3 endoplasms (D:1)
  2 goblins (D:1)
  A hobgoblin (D:1)
  2 ball pythons (D:1)
  A frilled lizard (D:1)
9 creatures vanquished.

Notes
Turn   | Place    | Note
-------+----------+-------------------------------------------
     0 | D:1      | Mickster the Demigod Wanderer began the quest for the Orb.
     0 | D:1      | Mickster set off with the following items: a +0 club, a +0
                  | robe, a +0 pair of boots; and the following spells
                  | available to memorise: Wereblood, Sting, Freeze, Spider
                  | Form, Ozocubu's Armour
     0 | D:1      | Reached XP level 1. HP: 14/14 MP: 4/4
   225 | D:1      | Learned a level 1 spell: Sting
   279 | D:1      | Reached XP level 2. HP: 7/22 MP: 1/5
   299 | D:1      | HP: 1/22 [goblin/+2 dagger of protection (5)]
   300 | D:1      | Slain by a goblin

Illustrated notes

Levels and vault maps discovered:
D:1:      lightli_arrival_statue_moat, layout_loops_cross

Skill      XL: |  1 |
---------------+----+-----
Dodging        | 2 |  2.0
Fighting       | |  0.4
Slings         | |  0.1
Throwing       | |  1.0
Spellcasting   | |  1.0
Transmutations | |  3.9
Ice Magic      | |  1.0
Evocations     | |  1.0

Action                   || total
-------------------------++-------
Melee: Staff             ||    13
       Punch             ||     1
 Fire: Hunting sling     ||     9
 Cast: Sting             ||     6
  Use: Potion            ||     1
Armor: Robe              ||     5
Dodge: Dodged            ||     6
